Map: Ruins of Endion

Players

ROOTheognis

  • Race: Terran Terran
  • League: Master

jamjam - Winner!

  • Race: Protoss Protoss
  • League: Master

VOD

Have the link to the VOD?

Description

Time

  • Played on: May 1, 2016, 12:21 a.m.
  • Length: 17:33
Show
View Real Time Build Order
Export as new Build Order

ROOTheognis Terran 

Build Orders: Command Center First (CC), MMM Bio 

Get SALT Encoding   

  12  0:02  SCV  
  13  0:14  SCV  
  13  0:18  Supply Depot  
  14  0:26  SCV  
  15  0:39  SCV  
  16  0:51  SCV  
  17  1:03  SCV, Command Center  
  18  1:15  Barracks  
  19  1:18  SCV  
  19  1:30  SCV  
  20  1:36  Barracks  
  20  1:42  SCV  
  21  1:53  Barracks  
  21  1:54  SCV  
  22  2:03  Marine  
  22  2:07  Orbital Command  
  23  2:17  Orbital Command  
  23  2:21  Refinery  
  23  2:24  Marine  
  23  2:25  Marine  
  25  2:33  SCV  
  25  2:36  Refinery  
  26  2:43  Marine x3  
  29  2:45  SCV  
  29  2:47  SCV  
  31  2:57  SCV  
  32  2:59  SCV, Supply Depot  
  32  3:02  Barracks Tech Lab  
  33  3:05  Marine  
  33  3:06  Marine  
  33  3:09  SCV  
  33  3:11  SCV  
  37  3:15  Supply Depot  
  37  3:21  SCV  
  37  3:22  Stimpack  
  37  3:23  SCV  
  37  3:24  Marine x3  
  42  3:33  SCV  
  43  3:35  SCV, Bunker  
  43  3:42  Factory  
  43  3:45  SCV  
  43  3:47  SCV  
  45  3:51  Marine  
  45  3:52  Marine x2  
  45  3:54  Supply Depot  
  48  3:57  SCV  
  48  3:59  SCV, Refinery  
  50  4:05  Supply Depot  
  50  4:09  SCV  
  51  4:10  Engineering Bay  
  51  4:11  SCV  
  52  4:19  Marine x3  
  52  4:21  SCV  
  52  4:23  SCV  
  57  4:30  Supply Depot  
  57  4:33  SCV, Factory Reactor  
  57  4:34  Starport  
  57  4:35  SCV  
  57  4:36  Terran Infantry Weapons Level 1  
  57  4:38  Barracks Tech Lab, Barracks Reactor  
  59  4:39  Marine  
  60  4:46  SCV  
  60  4:48  SCV  
  62  4:58  SCV  
  63  5:00  SCV  
  63  5:03  Combat Shields, Marine x2  
  63  5:05  Command Center  
  66  5:10  SCV  
  66  5:12  SCV  
  66  5:14  Supply Depot  
  68  5:16  Supply Depot  
  68  5:18  Marine x2  
  69  5:22  Medivac x2  
  69  5:25  SCV x2  
  72  5:33  Marauder x2  
  76  5:44  Barracks x2, Marine  
  76  5:45  Marine  
  76  5:47  SCV x2  
  80  5:50  Supply Depot  
  80  5:56  Marauder x2  
  84  5:59  SCV x2  
  86  6:07  Refinery, Marine x2  
  86  6:08  Medivac  
  86  6:09  Medivac  
  92  6:11  SCV x2  
  92  6:15  Supply Depot  
  92  6:17  Supply Depot  
  94  6:23  Marauder x2  
  94  6:24  SCV x2  
  97  6:29  Orbital Command  
  97  6:32  Barracks Tech Lab, Barracks Reactor  
  97  6:36  SCV  
  97  6:37  SCV  
  99  6:41  Marine  
  99  6:44  Marauder  
  99  6:45  Marauder  
  104  6:50  Medivac, Terran Infantry Armor Level 1  
  104  6:52  Missile Turret x2  
  106  6:54  Viking  
  106  6:57  SCV x2  
  106  7:00  Marine x2  
  112  7:04  SCV  
  113  7:08  Engineering Bay  
  113  7:09  SCV x2, Armory  
  113  7:12  Supply Depot  
  113  7:14  Supply Depot  
  115  7:23  Marauder x3  
  115  7:24  Marine x4  
  115  7:27  Medivac  
  115  7:28  Medivac  
  129  7:35  Barracks  
  129  7:36  Barracks x2  
  129  7:37  Refinery  
  129  7:39  Supply Depot x2  
  129  7:44  Marauder  
  129  7:45  Marauder  
  129  7:48  Marauder  
  129  7:49  Marine x4  
  139  8:01  Ghost Academy  
  139  8:03  Supply Depot, Terran Infantry Weapons Level 2  
  139  8:05  Supply Depot  
  139  8:06  Marauder  
  139  8:07  Marauder  
  139  8:09  Marauder  
  144  8:23  Marine  
  144  8:24  Marine  
  144  8:25  Barracks Tech Lab, Barracks Reactor  
  131  8:27  Marauder  
  131  8:29  Marauder  
  131  8:31  Marauder  
  131  8:32  Marine x3  
  138  8:37  Medivac  
  138  8:38  Medivac  
  140  8:41  Marine x2  
  140  8:43  SCV x2  
  144  8:49  Marauder  
  144  8:50  Terran Infantry Armor Level 2, Marauder, Marine  
  144  8:52  Marauder  
  149  9:00  Marauder, Marine, Command Center  
  149  9:05  Supply Depot  
  149  9:06  Supply Depot  
  149  9:07  Barracks Reactor  
  149  9:09  Barracks Tech Lab  
  145  9:10  Marauder  
  145  9:12  Marine  
  145  9:13  Marauder x2  
  152  9:22  Marauder  
  152  9:23  Sensor Tower  
  154  9:26  Marine x4  
  154  9:27  Marine  
  154  9:29  Ghost  
  154  9:31  Ghost  
  163  9:41  Supply Depot, Personal Cloaking  
  163  9:47  Marine  
  163  9:48  Marauder x3  
  163  9:51  Medivac  
  172  9:56  Marine  
  172  9:57  Marine x3  
  172  9:58  Refinery  
  176  10:06  Ghost  
  176  10:07  Ghost  
  180  10:15  Planetary Fortress  
  180  10:20  Refinery  
  180  10:25  Missile Turret  
  180  10:29  Ghost x2  
  180  10:30  Refinery  
  184  10:37  Ghost  
  184  10:38  Missile Turret  
  186  10:44  Ghost  
  186  10:46  Marine x3  
  181  10:55  Ghost  
  179  10:57  Ghost  
  175  11:11  Ghost x2  
  179  11:28  Terran Infantry Weapons Level 3  
  179  11:31  Command Center  
  179  11:36  Missile Turret, Command Center  
  179  11:38  Command Center  
  179  11:39  Terran Infantry Armor Level 3  
  178  11:47  Medivac x2  
  178  11:50  Ghost x2  
  180  12:34  Command Center  
  180  12:36  Command Center  
  180  12:40  Factory  
  139  13:08  Marauder x5, Marine x6  
  139  13:11  Medivac x2  
  149  13:19  Planetary Fortress  
  147  13:21  Orbital Command  
  147  13:26  Marine x6  
  147  13:29  Marine  
  147  13:30  Marauder x4  
  147  13:31  Starport  
  147  13:32  Factory Reactor  
  156  13:44  Viking x2, Marine x3  
  156  13:47  Marauder  
  162  13:51  Marauder x4  
  150  14:07  Marine x3  
  150  14:08  Marine  
  150  14:09  Marauder  
  153  14:13  Marauder x4  
  159  14:20  Viking x2  
  159  14:23  SCV x4  
  167  14:26  Orbital Command x2  
  163  14:35  SCV x3  
  163  14:37  Viking x2  
  155  14:45  Marine x9  
  133  14:46  Marine x2  
  121  14:55  Missile Turret  
  121  14:57  Missile Turret  
  121  14:58  SCV  
  122  15:01  SCV  
  122  15:03  Marine x3  
  126  15:10  SCV  
  126  15:13  SCV  
  126  15:14  Medivac x2  
  132  15:19  Ghost  
  132  15:20  Ghost x2  
  138  15:22  SCV  
  138  15:25  SCV x2  
  138  15:27  SCV  
  142  15:34  Medivac x2, SCV  
  147  15:37  SCV  
  147  15:39  SCV, Ghost x2  
  153  15:45  Viking  
  153  15:46  SCV, Viking  
  159  15:50  SCV  
  159  15:51  SCV  
  159  15:56  Marauder, Marine  
  159  15:57  Marauder x2  
  167  16:02  SCV  
  167  16:03  Viking  
  167  16:04  Viking  
  171  16:14  SCV  
  171  16:15  Viking x2  
  182  16:27  Marine  
  182  16:28  Marine x9  
  174  16:33  Viking  
  174  16:34  Viking  
  178  16:45  Viking x2  
  170  17:02  Marine x9  
  170  17:03  Viking, Marine  
Show
View Real Time Build Order
Export as new Build Order

jamjam Protoss - Winner!

Build Orders: 1 Gate Expand, Blink Stalkers 

Get SALT Encoding   

  12  0:01  Probe (Chrono Boost)  
  13  0:11  Probe (Chrono Boost)  
  14  0:22  Pylon, Probe (Chrono Boost)  
  15  0:40  Gateway, Probe (Chrono Boost)  
  16  0:45  Assimilator  
  16  0:51  Probe (Chrono Boost)  
  17  1:01  Probe (Chrono Boost)  
  18  1:12  Probe (Chrono Boost)  
  19  1:23  Probe (Chrono Boost), Nexus  
  20  1:33  Cybernetics Core  
  20  1:36  Probe (Chrono Boost)  
  21  1:44  Assimilator  
  21  1:47  Probe (Chrono Boost)  
  21  1:50  Pylon  
  22  2:00  Probe (Chrono Boost)  
  23  2:09  Stalker  
  23  2:10  Warp Gate  
  23  2:12  Probe (Chrono Boost)  
  27  2:23  Probe (Chrono Boost)  
  27  2:33  Probe (Chrono Boost)  
  27  2:34  Twilight Council  
  27  2:36  Probe (Chrono Boost)  
  29  2:44  Probe (Chrono Boost)  
  30  2:46  Probe (Chrono Boost)  
  31  2:54  Probe (Chrono Boost)  
  31  2:56  Robotics Facility  
  31  2:57  Probe (Chrono Boost)  
  33  3:05  Probe (Chrono Boost)  
  34  3:07  Probe (Chrono Boost)  
  35  3:13  Blink (Chrono Boost)  
  35  3:15  Probe  
  35  3:16  Probe  
  37  3:22  Pylon  
  37  3:26  Probe  
  37  3:27  Probe  
  37  3:30  Gateway  
  37  3:31  Gateway  
  39  3:40  Probe x2  
  40  3:44  Observer  
  42  3:50  Probe  
  42  3:52  Probe  
  42  3:53  Nexus  
  44  4:01  Probe  
  44  4:02  Assimilator  
  45  4:05  Mothership Core  
  45  4:06  Pylon  
  45  4:07  Assimilator  
  45  4:09  Observer  
  48  4:11  Probe  
  48  4:15  Pylon  
  49  4:22  Probe  
  50  4:29  Stalker x2  
  50  4:30  Stalker  
  56  4:32  Probe x2  
  56  4:35  Observer  
  59  4:43  Probe  
  59  4:44  Probe  
  61  4:45  Gateway  
  61  4:46  Gateway  
  61  4:56  Stalker x2  
  61  4:57  Stalker, Probe  
  61  4:58  Probe  
  69  5:03  Resonating Glaives (Chrono Boost)  
  69  5:07  Probe x2  
  69  5:10  Pylon, Probe  
  72  5:22  Probe  
  72  5:24  Probe  
  74  5:29  Stalker x3  
  74  5:35  Probe  
  80  5:36  Forge, Probe  
  80  5:38  Forge  
  80  5:41  Probe  
  81  5:45  Probe  
  81  5:46  Pylon  
  81  5:47  Sentry  
  81  5:48  Sentry  
  86  5:50  Pylon  
  86  5:52  Warp Prism  
  88  5:59  Protoss Ground Weapons Level 1 (Chrono Boost), Protoss Ground Armor Level 1 (Chrono Boost)  
  88  6:00  Probe  
  88  6:01  Probe x2  
  91  6:06  Pylon  
  91  6:08  Gateway x2  
  91  6:22  Stalker x4  
  97  6:28  Stalker  
  103  6:32  Immortal (Chrono Boost)  
  103  6:45  Probe  
  104  6:48  Assimilator  
  104  6:49  Adept x4  
  104  6:50  Assimilator  
  112  6:57  Gateway  
  112  6:58  Gateway  
  112  7:01  Gateway  
  112  7:02  Pylon  
  112  7:03  Probe x3  
  115  7:17  Adept  
  115  7:21  Immortal (Chrono Boost), Pylon x2  
  121  7:23  Adept x2, Pylon  
  125  7:30  Pylon  
  125  7:40  Adept x5  
  125  7:42  Templar Archives  
  135  7:50  Pylon x2  
  135  7:52  Stalker  
  135  7:53  Stalker  
  135  7:56  Immortal (Chrono Boost)  
  135  7:57  Adept x3  
  149  8:05  Adept x4  
  157  8:19  Protoss Ground Weapons Level 2, Protoss Ground Armor Level 2  
  156  8:23  Stalker x6  
  161  8:31  Adept x4  
  156  8:43  Probe x3  
  157  8:55  Probe  
  155  8:58  Probe x2  
  155  9:01  Adept  
  155  9:02  Adept x4  
  165  9:06  Psionic Storm  
  165  9:07  Probe  
  154  9:10  High Templar x2  
  158  9:17  Adept x7  
  172  9:42  Photon Cannon  
  172  9:43  Photon Cannon  
  172  9:53  Pylon  
  172  9:59  Pylon  
  172  10:00  Pylon  
  172  10:02  Pylon  
  172  10:03  Pylon  
  172  10:15  Nexus  
  172  10:16  Stargate, High Templar x2  
  172  10:17  High Templar  
  172  10:18  Pylon  
  172  10:20  Photon Cannon x2  
  172  10:21  Pylon  
  178  10:25  Pylon  
  178  10:26  Warp Prism (Chrono Boost), Pylon  
  178  10:28  Charge, Pylon  
  180  10:34  Assimilator  
  180  10:38  Assimilator  
  180  10:51  Zealot x5  
  180  10:53  Stalker x4  
  180  10:54  Protoss Ground Weapons Level 3, Protoss Ground Armor Level 3  
  190  11:20  Fleet Beacon  
  190  11:22  Stargate  
  188  11:46  Stargate  
  188  11:48  Protoss Air Weapons Level 1  
  186  12:18  Tempest x2 (Chrono Boost)  
  190  12:26  Pylon  
  190  12:28  Pylon  
  182  12:31  High Templar x3  
  188  12:37  Tempest (Chrono Boost)  
  190  12:55  Observer  
  161  13:07  Archon  
  151  13:18  Tempest x3 (Chrono Boost), High Templar x2  
  167  13:30  High Templar  
  169  13:39  High Templar  
  171  13:54  Nexus  
  162  13:56  Archon, Pylon  
  162  13:57  Pylon  
  147  14:06  Zealot x3  
  146  14:12  Tempest x3 (Chrono Boost)  
  146  14:14  Zealot x7  
  146  14:16  Warp Prism  
  170  14:33  Archon  
  124  14:51  Tempest x3 (Chrono Boost)  
  120  14:55  High Templar  
  118  15:03  Nexus  
  117  15:15  High Templar x2  
  117  15:17  Zealot x7  
  135  15:45  Nexus  
  135  15:46  Stalker x8, Pylon  
  135  15:48  Pylon  
  151  16:08  Stalker  
  151  16:09  Stalker x2, Zealot  
  151  16:10  Zealot x3  
  161  16:12  Adept x2  
  164  16:19  Adept  
  166  16:26  Oracle x2  
  172  16:42  Zealot x5  
  166  17:12  Stalker x4  
  164  17:29  Archon  
  142  17:32  Stalker x4  
Tags
 
Add a new tag
Caveats
  • Supply blocks, unpowered buildings, or Contaminate may cause inaccurate times.
  • Supply counts are checked every 10 seconds.